 Dungeon Crawl Stone Soup version 0.30-a0-422-g946f4849ff (webtiles) character file.

Game seed: 18038429818688384022

31618 NinjaNoafa the Transmogrifier (level 13, -10/159 HPs)
             Began as an Ogre Transmuter on Dec 8, 2022.
             Was an Elder of Wu Jian.
             Mangled by an elephant (11 damage)
             ... on level 4 of the Lair of Beasts on Dec 9, 2022.
             The game lasted 00:54:34 (17627 turns).

NinjaNoafa the Transmogrifier (Ogre Transmuter)    Turns: 17627, Time: 00:54:34

Health: -10/159    AC: 10    Str: 17    XL:     13   Next: 59%
Magic:  0/32       EV: 11    Int: 18    God:    Wu Jian [****..]
Gold:   714        SH:  0    Dex:  9    Spells: 11/26 levels left

rFire   x . .      SeeInvis .      - Unarmed
rCold   + + +      Faith    .    (shield currently unavailable)
rNeg    . . .      Spirit   +    (body armour currently unavailable)
rPois   +          Reflect  .    (helmet currently unavailable)
rElec   .          Harm     .    (cloak currently unavailable)
rCorr   .          Rampage  .    (gloves unavailable)
Will    +....      Rnd*Tele +    (boots unavailable)
Stlth   +.........               D - amulet of guardian spirit
HPRegen 0.46/turn                g - ring of magical power
MPRegen 0.23/turn                A - +4 ring of slaying

@: confused, ice-form (expiring), ambrosia-drunk, very slightly contaminated
A: freezing attack, amphibious, boosted hp, large, unfitting armour, (tough skin
1), (fire resistance 1), teleportitis 1
a: End Transformation, Renounce Religion, Wall Jump, Serpent's Lash


You were on level 4 of the Lair of Beasts.
You worshipped Wu Jian.
Wu Jian was greatly pleased with you.
You were a creature of crystalline ice.
You visited 4 branches of the dungeon, and saw 16 of its levels.
You also visited: Bailey.

You collected 998 gold pieces.
You spent 284 gold pieces at shops.

Inventory:

Missiles
 d - 134 stones
 q - 24 poisoned darts
 r - 8 large rocks
 v - 16 boomerangs
 I - 10 silver javelins
 K - 2 curare-tipped darts
Armour
 J - a +4 troll leather armour (melded)
Jewellery
 g - a ring of magical power (left front paw)
 w - a ring of flight
 A - a +4 ring of slaying (right front paw)
 D - an amulet of guardian spirit (around neck)
 H - a ring of magical power
 M - a ring of positive energy
Wands
 b - a wand of paralysis (20)
 f - a wand of flame (16)
 o - a wand of iceblast (10)
 B - a wand of digging (6)
Scrolls
 c - a scroll of teleportation
 i - 2 scrolls of silence
 m - 2 scrolls of immolation
 u - 3 scrolls of fog
 y - a scroll of vulnerability
 E - 2 scrolls of amnesia
 F - a scroll of magic mapping
 G - a scroll of identify
 N - a scroll of noise
Potions
 a - 2 potions of berserk rage
 e - 3 potions of degeneration
 h - 2 potions of ambrosia
 j - 4 potions of flight
 k - 4 potions of haste
 l - 4 potions of brilliance
 n - 5 potions of attraction
 p - 6 potions of might
 t - 2 potions of invisibility
 x - 2 potions of cancellation
 z - 2 potions of lignification
Miscellaneous
 s - a box of beasts


   Skills:
 - Level 10.0 Fighting
 - Level 4.0 Throwing
 - Level 8.0 Dodging
 - Level 8.0 Unarmed Combat
 - Level 7.0 Spellcasting
 + Level 1.1 Conjurations
 - Level 12.3 Transmutations
 + Level 7.8 Ice Magic
 + Level 1.1 Air Magic
 - Level 5.0 Poison Magic


You had 11 spell levels left.
You knew the following spells:

 Your Spells              Type           Power      Damage    Failure   Level
a - Beastly Appendage     Tmut           100%       N/A       1%          1
b - Wereblood             Tmut           50%        N/A       1%          2
c - Spider Form           Tmut/Pois      37%        N/A       1%          3
d - Ice Form              Ice/Tmut       42%        N/A       1%          4
e - Freezing Cloud        Conj/Ice/Air   9%         6-21      58%         5

Your spell library contained the following spells:

 Spells                   Type           Power      Damage    Failure   Level
 Kiss of Death            Conj/Necr      32%        2d7       9%          1
 Momentum Strike          Conj/Tloc      16%        3d8       13%         2
 Inner Flame              Hex/Fire       6%         N/A       32%         3
 Flame Wave               Conj/Fire      8%         2d5       63%         4
 Sticky Flame             Conj/Fire      8%         2d3       63%         4
 Cause Fear               Hex            3%         N/A       71%         4
 Passage of Golubria      Tloc           6%         N/A       71%         4
 Silence                  Hex/Air        4%         N/A       93%         5
 Simulacrum               Ice/Necr       10%        N/A       97%         6
 Iron Shot                Conj/Erth      4%         9d2       100%        6
 Starburst                Conj/Fire      4%         6d3       100%        6
 Discord                  Hex            3%         N/A       100%        8
 Lehudib's Crystal Spear  Conj/Erth      4%         10d3      100%        8
 Fire Storm               Conj/Fire      4%         8d1       100%        9
 Polar Vortex             Ice            17%        N/A       100%        9


Dungeon Overview and Level Annotations

Branches:
Dungeon (10/15)            Temple (1/1) D:5            Lair (4/5) D:9
 Shoals (0/4) Lair:3        Snake (1/4) Lair:3       Bailey (visited)
  Slime: Lair:4-5       Orc: D:9-12

Altars:
Ashenzari
Cheibriados
Dithmenos
Fedhas
Gozag
Hepliaklqana
Kikubaaqudgha
Makhleb
Nemelex Xobeh
Qazlal
Ru
Sif Muna
Trog
Uskayaw
Vehumet
Wu Jian
Xom
Yredelemnul

Shops:
D:4 !   Snake:1 ([*

Portals:
Abyss: Lair:2

Annotations:
D:4 exclusion: oklob plant
Lair:2 2 transporters, qhett's ghost, journeyman DrAE
Snake:1 Kirke


Innate Abilities, Weirdness & Mutations

You are a creature of crystalline ice.
You have a powerful freezing melee attack.
You are amphibious.
Your maximum health is increased.
Your armour is entirely melded.
You are incapable of wielding weapons or throwing items.
You are too large for most types of armour.
((You have tough skin. (AC +1)))
((Your flesh is heat resistant. (rF+)))
You are occasionally teleported next to monsters.


Message History

The polar bear is severely wounded.
The polar bear barely misses you.
The polar bear claws you but does no damage.
The polar bear misses you.
The polar bear goes berserk!
The elephant tramples you.
* * * LOW HITPOINT WARNING * * *
You hold your ground!
The elephant trunk-slaps you but does no damage.
You spin and attack the elephant.
You punch the elephant! You freeze the elephant.
The elephant is heavily wounded.
The elephant barely misses you.
The elephant trunk-slaps you but does no damage.
You spin and attack the polar bear.
You punch the polar bear! You freeze the polar bear.
The polar bear is almost dead.
You spin and attack the elephant.
You hit the elephant. You freeze the elephant.
The elephant is heavily wounded.
The polar bear bites you!!
* * * LOW HITPOINT WARNING * * *
The polar bear closely misses you.
The polar bear claws you but does no damage.
The polar bear bites you!!
* * * LOW HITPOINT WARNING * * *
The polar bear closely misses you.
The polar bear claws you but does no damage.
The elephant closely misses you. The elephant barely misses you.
Okay, then.
You are confused.
You feel invigorated. The polar bear closely misses you.
The polar bear claws you but does no damage.
The polar bear claws you.
* * * LOW HITPOINT WARNING * * *
The elephant tramples you!
* * * LOW HITPOINT WARNING * * *
You hold your ground!
The elephant trunk-slaps you.
* * * LOW HITPOINT WARNING * * *
The elephant attacks as you move away! The elephant tramples you!
You die...

.............................
.............................
........................ >..
........................
...............†........
...................#....
..................#####.
.....###..#....hY.#
#...#....Y## ......#P..#
......##...# ...... ....#
..####...## .. .#..# ......
.......


You could see an elephant and a polar bear (berserk).

Vanquished Creatures
  4 hydras
  An anaconda (Lair:3)
  A centaur warrior (D:8)
  6 death yaks
  A naga warrior (Snake:1)
  Sonja (Lair:2)
  Urug (D:10)
  An orc knight (Bailey)
  A deep elf pyromancer (Bailey)
  A mana viper (Snake:1)
  2 cyclopes (D:8)
  4 elephants (Lair:4)
  3 merfolk sirens (Lair:3)
  4 black mambas
  A torpor snail (Lair:1)
  4 cane toads
  8 komodo dragons
  An efreet (D:8)
  A troll (D:8)
  A polar bear (Lair:4)
  A hornet (D:9)
  Grinder (D:5)
  10 blink frogs (Lair:2)
  2 vampires
  A wyvern (Lair:3)
  22 yaks
  A basilisk (Lair:1)
  5 steam dragons
  2 wargs (D:9)
  A naga (Lair:3)
  6 water moccasins
  An ice beast (D:5)
  A sky beast (D:6)
  7 orc warriors
  A black bear (D:7)
  9 wolves
  3 phantoms
  4 centaurs
  A kobold brigand (D:9)
  10 bullfrogs
  2 scorpions
  2 necrophages (D:4)
  A gnoll sergeant (D:6)
  5 wights (D:9)
  5 killer bees
  A howler monkey (D:7)
  6 electric eels
  12 orc priests
  A hound (D:5)
  Ijyb (D:3)
  Jessica (D:2)
  12 iguanas
  Natasha (D:2)
  Terence (D:3)
  16 orc wizards
  Robin (D:3)
  22 gnolls
  7 adders
  A shadow imp (D:6)
  A white imp (D:6)
  2 ufetubi
  5 dart slugs
  51 orcs
  5 endoplasms
  7 giant cockroaches
  19 goblins
  10 hobgoblins
  7 jackals (D:1)
  2 quokkas
  7 ball pythons
  A bat (D:2)
  6 frilled lizards
  10 kobolds
  9 rats
376 creatures vanquished.

Vanquished Creatures (others)
  A wraith (D:9)
  A sky beast (D:6)
  An orc wizard (D:8)
  8 fungi
  11 plants
22 creatures vanquished.

Grand Total: 398 creatures vanquished

Notes
Turn   | Place    | Note
-------+----------+-------------------------------------------
     0 | D:1      | NinjaNoafa the Ogre Transmuter began the quest for the Orb.
     0 | D:1      | Reached XP level 1. HP: 19/19 MP: 3/3
   119 | D:1      | Reached XP level 2. HP: 28/28 MP: 3/5
   168 | D:1      | Reached skill level 2 in Transmutations
   359 | D:1      | Reached XP level 3. HP: 35/35 MP: 5/7
  1172 | D:2      | Reached XP level 4. HP: 26/44 MP: 8/8
  1289 | D:2      | Noticed Natasha
  1304 | D:2      | Killed Natasha
  1371 | D:2      | Got the Essays on Damage Dealing
  1520 | D:2      | Reached XP level 5. HP: 50/53 MP: 9/9
  1967 | D:3      | Noticed Jessica
  1995 | D:2      | Killed Jessica
  2142 | D:3      | Learned a level 2 spell: Wereblood
  2183 | D:3      | Noticed Terence
  2195 | D:3      | Killed Terence
  2196 | D:3      | Reached skill level 3 in Transmutations
  2370 | D:3      | Noticed Robin
  2396 | D:3      | Killed Robin
  2526 | D:3      | Noticed Ijyb
  2548 | D:3      | Killed Ijyb
  2549 | D:3      | Reached XP level 6. HP: 37/61 MP: 12/12
  2731 | D:3      | Paralysed by a kobold for 3 turns
  3084 | D:3      | Reached skill level 4 in Transmutations
  3146 | D:3      | Found a broken altar of Ashenzari.
  3308 | D:3      | Found a faded altar of an unknown god.
  3627 | D:3      | Learned a level 3 spell: Spider Form
  3690 | D:4      | Reached skill level 1 in Poison Magic
  3816 | D:4      | Reached XP level 7. HP: 16/64 MP: 13/13
  4087 | D:4      | Found Zaurghov's Distillery.
  4098 | D:4      | Bought a potion of attraction for 36 gold pieces
  4098 | D:4      | Bought 2 potions of degeneration for 24 gold pieces
  4694 | D:4      | Found a blossoming altar of Fedhas.
  4712 | D:4      | Noticed an oklob plant
  5150 | D:5      | Entered Level 5 of the Dungeon
  5734 | D:5      | Reached XP level 8. HP: 42/75 MP: 14/14
  5973 | D:5      | Reached skill level 5 in Poison Magic
  6105 | D:5      | Found a staircase to the Ecumenical Temple.
  6181 | D:5      | Reached skill level 5 in Spellcasting
  6184 | D:5      | Reached skill level 5 in Transmutations
  6230 | D:5      | Found a hide-covered altar of Uskayaw.
  6230 | D:5      | Found an ancient bone altar of Kikubaaqudgha.
  6232 | D:5      | Noticed Grinder
  6253 | D:5      | Paralysed by Grinder for 2 turns
  6260 | D:5      | Killed Grinder
  6261 | D:5      | Reached skill level 6 in Transmutations
  6554 | Temple   | Entered the Ecumenical Temple
  6569 | Temple   | Became a worshipper of the Wu Jian Council
  6817 | D:6      | Reached skill level 7 in Transmutations
  6817 | D:6      | Reached XP level 9. HP: 10/81 MP: 16/16
  7296 | D:6      | Reached skill level 8 in Transmutations
  7557 | D:6      | Reached * piety under Wu Jian
  8128 | D:7      | Reached skill level 9 in Transmutations
  8672 | D:8      | Noticed a cyclops
  8674 | D:8      | Noticed an efreet
  8695 | D:8      | Killed a cyclops
  8696 | D:8      | Reached skill level 10 in Transmutations
  8758 | D:8      | Noticed a centaur warrior
  8784 | D:8      | Killed a centaur warrior
  8785 | D:8      | Reached skill level 5 in Fighting
  8785 | D:8      | Reached XP level 10. HP: 32/98 MP: 3/17
  8789 | D:8      | Noticed a cyclops
  8797 | D:8      | Killed a cyclops
  9059 | D:8      | Reached skill level 5 in Unarmed Combat
  9292 | D:8      | Reached skill level 1 in Throwing
  9321 | D:8      | Noticed an eight-headed hydra
  9380 | D:8      | Killed an eight-headed hydra
  9851 | D:8      | Reached skill level 1 in Ice Magic
  9852 | D:8      | Reached ** piety under Wu Jian
 10085 | D:9      | Found a flagged portal.
 10100 | Bailey   | Entered a bailey
 10106 | Bailey   | Learned a level 4 spell: Ice Form
 10184 | Bailey   | Found a large runed translucent door.
 10184 | Bailey   | Found a large runed translucent door.
 10185 | Bailey   | Noticed a deep elf pyromancer
 10194 | Bailey   | Noticed an orc knight
 10199 | Bailey   | Killed an orc knight
 10225 | Bailey   | Reached XP level 11. HP: 52/111 MP: 11/18
 10472 | Bailey   | Killed a deep elf pyromancer
 10473 | Bailey   | Reached skill level 5 in Ice Magic
 10588 | D:9      | Found a hazy altar of Hepliaklqana.
 11586 | D:9      | Reached *** piety under Wu Jian
 11649 | D:9      | Found a staircase to the Lair.
 12185 | Lair:1   | Entered Level 1 of the Lair of Beasts
 12203 | D:10     | Entered Level 10 of the Dungeon
 12298 | D:10     | Found an opulent altar of Gozag.
 12298 | D:10     | Noticed Urug
 12321 | D:10     | Killed Urug
 12556 | Lair:1   | Noticed a four-headed hydra
 12574 | Lair:1   | Killed a four-headed hydra
 12575 | Lair:1   | Reached skill level 5 in Dodging
 12625 | Lair:1   | Reached XP level 12. HP: 94/119 MP: 16/19
 12850 | Lair:1   | Reached **** piety under Wu Jian
 13064 | Lair:1   | Reached skill level 11 in Transmutations
 13676 | Lair:2   | Found a transporter.
 13743 | Lair:2   | Noticed Sonja
 13760 | Lair:2   | Killed Sonja
 13848 | Lair:2   | Noticed a seven-headed hydra
 13855 | Lair:2   | Killed a seven-headed hydra
 13915 | Lair:2   | Got the Incunabulum of the Pyre and Battling
 14015 | Lair:2   | Reached skill level 12 in Transmutations
 14296 | Lair:2   | Noticed a hell hog
 14389 | Lair:2   | Noticed a hell hog
 14715 | Lair:2   | Found a one-way gate to the infinite horrors of the Abyss.
 14740 | Lair:2   | Noticed qhett's ghost (journeyman DrAE)
 14741 | Lair:2   | Found a transporter.
 15061 | Lair:3   | Found a staircase to the Snake Pit.
 15257 | Lair:3   | Noticed a five-headed hydra
 15265 | Lair:3   | Killed a five-headed hydra
 15643 | Lair:3   | Reached XP level 13. HP: 129/131 MP: 22/22
 15705 | Lair:3   | Found a staircase to the Shoals.
 16459 | Lair:3   | Reached skill level 10 in Fighting
 16829 | Lair:4   | Gained mutation: You are occasionally teleported next to
                  | monsters. [potion of mutation]
 16829 | Lair:4   | Gained mutation: Your flesh is heat resistant. (rF+)
                  | [potion of mutation]
 17039 | Snake:1  | Entered Level 1 of the Snake Pit
 17040 | Snake:1  | Found Upauma's Weapon Shop.
 17068 | Snake:1  | Found Coedebli's Antique Armour Boutique.
 17070 | Snake:1  | Found Yfyofaes's Assorted Antiques.
 17197 | Snake:1  | Bought a scroll of identify for 64 gold pieces
 17197 | Snake:1  | Bought a large steel ring for 160 gold pieces
 17211 | Snake:1  | Noticed Kirke
 17284 | Snake:1  | HP: 2/159 [anaconda (7)]
 17589 | Lair:4   | Learned a level 5 spell: Freezing Cloud
 17621 | Lair:4   | Reached skill level 1 in Conjurations
 17621 | Lair:4   | Reached skill level 1 in Air Magic
 17625 | Lair:4   | HP: 7/159 [polar bear (17)]
 17626 | Lair:4   | HP: 1/159 [elephant (3)]
 17627 | Lair:4   | Mangled by an elephant

Illustrated notes

Levels and vault maps discovered:
D:1:      mainiacjoe_arrival_reflecting_pool, layout_loops_ring,
          minmay_pentomino_w4
D:2:      layout_loops_ring, uniq_natasha
D:3:      layout_basic, mainiacjoe_overflow_brackets,
          shapermc_ecumenical_altar_mp_highgroup, uniq_robin, uniq_terence,
          uniq_jessica, uniq_ijyb
D:4:      layout_rooms, tgw_fedhas, serial_shops, shop_statue, serial_rivers,
          chequers_serial_rivers_micro_e, chequers_serial_rivers_marsh,
          chequers_serial_rivers_large_b, chequers_serial_rivers_micro_d,
          chequers_serial_rivers_small_3, grunt_ministairs_8
D:5:      layout_basic, jmf_multi_god_temple, minmay_temple_entry_trees,
          chequers_garden, mrwooster_statue_mirror, uniq_grinder
D:6:      cheibrodos_steamvent, layout_loops_ring
D:7:      layout_gridville, dk_noncrumbling_4
D:8:      minmay_diamond_stairs, layout_gridville
D:9:      layout_cave_pools, kennysheep_little_box, erik_lair_orcish_takeover,
          enter_bailey_5, kennysheep_dice
D:10:     layout_loops_cross, dreamdust_divine_triumvirate,
          nicolae_gozag_seed_capital, okawaru_metal_pillars_1_2,
          serial_bayou_crossing, uniq_urug, uniq_josephine, uniq_psyche
Temple:   hellmonk_temple_two_chambers
Lair:1:   beast_lair_carwin_large_4, layout_hall_layers, nicolae_lair_lil_pond,
          lemuel_fruit_tree
Lair:2:   layout_regular_city, gammafunk_ghost_abyssal_escape,
          serial_bayou_lagoon_b, uniq_sonja
Lair:3:   layout_regular_city, elwin_shoals_entry_rooms,
          guppyfry_snake_entry_garden
Lair:4:   layout_regular_city, hangedman_lair_unloving_vines
Snake:1:  layout_layer_cave, minmay_shop_star, uniq_kirke

Skill      XL: |  1  2  3  4  5  6  7  8  9 10 11 12 13 |
---------------+----------------------------------------+-----
Dodging        | 2 3 5 6 8 |  8.0
Transmutations | 2 3 4 7 10 12 | 12.3
Fighting       | 2 3 5 8 9 10 | 10.0
Unarmed Combat | 3 4 5 7 8 |  8.0
Spellcasting   | 3 4 5 6 7 |  7.0
Poison Magic   | 1 4 5 |  5.0
Throwing       | 4 |  4.0
Ice Magic      | 4 7 |  7.8
Conjurations   | 1 |  1.1
Air Magic      | 1 |  1.1

Action                   |  1- 3 |  4- 6 |  7- 9 | 10-12 | 13-15 || total
-------------------------+-------+-------+-------+-------+-------++-------
Melee: Unarmed           |   110 |   208 |   303 |   524 |   144 ||  1289
       Kick              |    19 |    31 |    30 |    17 |       ||    97
       Headbutt          |    12 |    33 |    10 |    11 |       ||    66
       Punch             |     2 |     2 |     1 |     2 |     1 ||     8
       Club              |       |     4 |       |       |       ||     4
Throw: Large rock        |       |       |       |    11 |       ||    11
       Boomerang         |       |       |       |     4 |       ||     4
 Cast: Beastly Appendage |    25 |    38 |    16 |    10 |       ||    89
       Wereblood         |       |     5 |    13 |    10 |       ||    28
       Spider Form       |       |       |    25 |    19 |       ||    44
       Ice Form          |       |       |       |    29 |    16 ||    45
       Freezing Cloud    |       |       |       |       |     1 ||     1
Invok: Lunge             |       |       |    11 |    37 |    10 ||    58
       Whirlwind         |       |       |    30 |    67 |    20 ||   117
       Serpent's Lash    |       |       |       |     1 |     1 ||     2
 Abil: End Transformatio |       |       |       |     2 |       ||     2
       Wall Jump         |       |       |       |    13 |     5 ||    18
Evoke: Wand              |       |       |     3 |     8 |     1 ||    12
       Box of beasts     |       |       |       |     1 |       ||     1
  Use: Potion            |       |     4 |     3 |     4 |     6 ||    17
       Scroll            |       |     1 |    16 |     9 |     8 ||    34
Armor: Robe              |    37 |    47 |    19 |       |       ||   103
       Skin              |       |     9 |    14 |   101 |    75 ||   199
       Troll leather arm |       |       |       |    31 |     1 ||    32
Dodge: Dodged            |    64 |    94 |   217 |   406 |    76 ||   857

Table legend: (Time is in decaauts)
 A = Elapsed time spent in this place.
 B = Non-inter-level travel time spent in this place.
 C = Inter-level travel time spent in this place.
 D = Time resting spent in this place.
 E = Time spent auto-exploring this place.
 F = Levels seen in this place.
 G = Mean time per level.
                   A        B        C        D        E       F      G
               +--------+--------+--------+--------+--------+-----+--------+
         Total |  17629 |  16647 |    982 |    638 |  12455 |  17 | 1037.0 |
       Dungeon |  11935 |  11137 |    798 |    459 |   8275 |  10 | 1193.5 |
        Temple |     21 |     15 |      6 |      0 |      7 |   1 |   21.0 |
          Lair |   4943 |   4785 |    158 |     55 |   3845 |   4 | 1235.8 |
     Snake Pit |    275 |    256 |     19 |    119 |     40 |   1 |  275.0 |
        Bailey |    453 |    453 |      0 |      5 |    287 |   1 |  453.0 |
               +--------+--------+--------+--------+--------+-----+--------+

Top non-repeatable levels by time:
     D:3: 1913 daAuts
     D:8: 1905 daAuts
  Lair:3: 1859 daAuts
     D:5: 1598 daAuts
  Lair:2: 1511 daAuts
  Lair:1: 1157 daAuts
     D:9: 1151 daAuts
     D:4: 1132 daAuts
     D:1: 1122 daAuts
     D:6: 1114 daAuts
     D:2: 964 daAuts
     D:7: 900 daAuts
  Bailey: 453 daAuts
  Lair:4: 414 daAuts
 Snake:1: 275 daAuts
